 Dungeon Crawl Stone Soup version 0.29.0-4-gdea44cf6ec (webtiles) character file.

Game seed: 16812970890067937328

81 qw the Chopper (level 4, 0/26 HPs)
             Began as a Tengu Warper on Aug 28, 2022.
             Was an Initiate of Okawaru.
             Slain by Robin
             ... wielding a +0 spear
              (3 damage)
             ... on level 2 of the Dungeon.
             The game lasted 00:00:14 (3111 turns).

qw the Chopper (Tengu Warper)                       Turns: 3111, Time: 00:00:14

Health: 0/26       AC:  6    Str: 13    XL:     4   Next: 40%
Magic:  8/8        EV:  9    Int: 13    God:    Okawaru [......]
Gold:   139        SH:  0    Dex: 14    Spells: 7/7 levels left

rFire   . . .      SeeInvis .   Y - +1 hand axe
rCold   . . .      Faith    .   (no shield)
rNeg    . . .      Spirit   .   c - +0 scale mail
rPois   .          Reflect  .   (helmet restricted)
rElec   .          Harm     .   (no cloak)
rCorr   .          Rampage  .   (no gloves)
Will    .....                   (boots unavailable)
Stlth   ..........              b - amulet of the acrobat
HPRegen 0.08/turn               (no ring)
MPRegen 0.11/turn               (no ring)

@: no status effects
A: beak, talons 3
a: Renounce Religion


You were on level 2 of the Dungeon.
You worshipped Okawaru.
Okawaru was noncommittal.
You visited 1 branch of the dungeon, and saw 3 of its levels.

You collected 139 gold pieces.


Innate Abilities, Weirdness & Mutations

You have a beak for a mouth.
You have claws for feet.


   Skills:
 - Level 2.0 Fighting
 + Level 5.0 Axes
 - Level 1.0 Throwing
 - Level 1.1 Armour
 - Level 2.1 Dodging
 - Level 2.0 Spellcasting
 - Level 2.4 Translocations


You had 7 spell levels left.
You didn't know any spells.
Your spell library contained the following spells:

 Spells                   Type           Power      Damage    Failure   Level
 Blink                    Tloc           14%        N/A       56%         2
 Gell's Gravitas          Tloc           7%         N/A       80%         3
 Lesser Beckoning         Tloc           7%         N/A       80%         3
 Teleport Other           Tloc           7%         N/A       80%         3
 Manifold Assault         Tloc           7%         N/A       100%        5

Inventory:

Hand Weapons
 e - a +0 whip
 Y - a +1 hand axe (weapon)
Armour
 c - a +0 scale mail (worn)
Jewellery
 a - a ring of fire
 b - an amulet of the acrobat (around neck)
Potions
 d - a potion of cancellation {unknown}
 g - a potion of mutation {unknown}
 h - a potion of curing
 i - a potion of might {unknown}
 j - a potion of ambrosia {unknown}

Dungeon Overview and Level Annotations

Branches:
Dungeon (3/15)

Altars:
Okawaru

Annotations:
D:2 Robin


Message History

The goblin hits you but does no damage.
Your Axes skill increases to level 5!
You hit the goblin. Your kick misses the goblin.
The goblin is heavily wounded.
The goblin hits you but does no damage.
You hit the goblin. Your kick misses the goblin. You peck the goblin.
You kill the goblin!
Okawaru accepts your kill.
Done exploring.
(D) Dungeon
Where to? (* - list waypoints, Enter - D:3, ? - help)
What level of the Dungeon? (default 1, ? - help)
You climb downwards.
Level annotation: Robin The goblin shouts!
Robin hits you with a +0 spear. The goblin barely misses you.
The hobgoblin hits you. The goblin hits you with a +0 club.
Robin roars a battlecry!
The goblins go into a battle-frenzy!
The goblin hits you but does no damage. The goblin barely misses you.
The hobgoblin hits you.
There is a stone staircase leading up, spattered with blood here.
3108 ||| STAIRDANCE Robin closely misses you.
The goblin hits you with a +2 dagger of holy wrath.
The goblin hits you but does no damage. The hobgoblin hits you.
You climb upwards.
There is a stone staircase leading down here.
You hit the hobgoblin but do no damage. You barely miss the goblin.
The hobgoblin hits you.
The goblin hits you with a +2 dagger of holy wrath.
Robin's horned helmet rattles.
Robin barely misses you.
You closely miss the hobgoblin. Your kick misses the hobgoblin.
You peck the hobgoblin.
The hobgoblin is almost dead.
You miss the goblin. The hobgoblin barely misses you.
The goblin barely misses you.
Robin hits you from afar with a +0 spear.
You die...

#.##.##
##.......###.##.##
#.#### ##.....##
#.##.## #.#####
##...## #.##...
#.....#
#####'######.#####
#####.#
#............# #.#
#.##..#.###..# #.#
#g##..#.###..# #.#
#g#.....)##..# #.#
#@#..........#
#.####g#.....###.##
#.....g......###.#
#########<.......#
##########


You could see Robin, a hobgoblin (strong) and 2 goblins.

Vanquished Creatures
  2 adders (D:2)
  A worm (D:2)
  A dart slug (D:2)
  4 ball pythons
  2 endoplasms
  7 giant cockroaches
  7 goblins
  5 hobgoblins
  3 jackals (D:1)
  4 kobolds
  5 quokkas
  4 bats
  3 frilled lizards
  A rat (D:2)
49 creatures vanquished.

Vanquished Creatures (others)
  7 plants (D:2)
  5 toadstools (D:1)
12 creatures vanquished.

Grand Total: 61 creatures vanquished

Notes
Turn   | Place    | Note
-------+----------+-------------------------------------------
     0 | D:1      | qw the Tengu Warper began the quest for the Orb.
     0 | D:1      | Reached XP level 1. HP: 12/12 MP: 4/4
     0 | D:1      | 0 ||| qw: Version: 0.1-a-89-g26bdef1
     0 | D:1      | 0 ||| qw: Game counter: 178
     0 | D:1      | 0 ||| qw: Always use a shield: true
     0 | D:1      | 0 ||| qw: God list: Okawaru
     0 | D:1      | 0 ||| qw: Allow faded altars: false
     0 | D:1      | 0 ||| qw: Do Orc after D:15 true
     0 | D:1      | 0 ||| qw: Do second Lair branch before Depths: true
     0 | D:1      | 0 ||| qw: Lair rune preference: random
     0 | D:1      | 0 ||| qw: Plans: Normal
     0 | D:1      | 0 ||| PLANNING D:1-11
   111 | D:1      | Found a faded altar of an unknown god.
   118 | D:1      | Reached XP level 2. HP: 17/17 MP: 6/6
   126 | D:1      | Reached skill level 3 in Axes
   475 | D:1      | Reached XP level 3. HP: 13/21 MP: 7/7
  1115 | D:1      | 1115 ||| READING scroll labelled JUNIYRI ROUTWO.
  1116 | D:1      | 1116 ||| READING scroll labelled CUJI FOUDUGEASH.
  1117 | D:1      | 1117 ||| READING scroll labelled NATRUH REVVAI.
  1118 | D:1      | 1118 ||| DROPPING scroll of blinking.
  1254 | D:2      | 1254 ||| Stepping ~*~*~tactically~*~*~ (stealth).
  1255 | D:2      | 1255 ||| Stepping ~*~*~tactically~*~*~ (stealth).
  1291 | D:2      | Reached skill level 4 in Axes
  1426 | D:2      | 1426 ||| Stepping ~*~*~tactically~*~*~ (hiding).
  2057 | D:2      | Found an iron altar of Okawaru.
  2070 | D:2      | Became a worshipper of Warmaster Okawaru
  2356 | D:2      | Reached XP level 4. HP: 18/26 MP: 8/8
  2356 | D:2      | 2356 ||| FLEEEEING.
  2357 | D:2      | 2357 ||| FLEEEEING.
  2358 | D:2      | 2358 ||| FLEEEEING.
  2359 | D:2      | 2359 ||| FLEEEEING.
  2360 | D:2      | 2360 ||| FLEEEEING.
  2361 | D:2      | 2361 ||| FLEEEEING.
  2362 | D:2      | 2362 ||| FLEEEEING.
  2363 | D:2      | 2363 ||| FLEEEEING.
  2364 | D:2      | 2364 ||| FLEEEEING.
  2365 | D:2      | 2365 ||| FLEEEEING.
  2366 | D:2      | 2366 ||| FLEEEEING.
  2367 | D:2      | 2367 ||| FLEEEEING.
  2368 | D:2      | 2368 ||| FLEEEEING.
  2369 | D:2      | 2369 ||| FLEEEEING.
  2370 | D:2      | 2370 ||| FLEEEEING.
  2371 | D:2      | 2371 ||| FLEEEEING.
  2372 | D:2      | 2372 ||| FLEEEEING.
  2373 | D:2      | 2373 ||| FLEEEEING.
  2374 | D:2      | 2374 ||| FLEEEEING.
  2376 | D:2      | 2376 ||| FLEEEEING.
  2378 | D:2      | 2378 ||| FLEEEEING.
  2380 | D:2      | 2380 ||| FLEEEEING.
  2381 | D:2      | 2381 ||| FLEEEEING.
  2382 | D:2      | 2382 ||| FLEEEEING.
  2383 | D:2      | 2383 ||| FLEEEEING.
  2384 | D:2      | 2384 ||| FLEEEEING.
  2386 | D:2      | 2386 ||| FLEEEEING.
  2387 | D:2      | 2387 ||| FLEEEEING.
  2388 | D:2      | 2388 ||| FLEEEEING.
  2389 | D:2      | 2389 ||| FLEEEEING.
  2390 | D:2      | 2390 ||| FLEEEEING.
  2391 | D:2      | 2391 ||| FLEEEEING.
  2392 | D:2      | 2392 ||| FLEEEEING.
  2393 | D:2      | 2393 ||| FLEEEEING.
  2395 | D:2      | 2395 ||| FLEEEEING.
  2396 | D:2      | 2396 ||| FLEEEEING.
  2397 | D:2      | 2397 ||| FLEEEEING.
  2399 | D:2      | 2399 ||| FLEEEEING.
  2400 | D:2      | 2400 ||| FLEEEEING.
  2401 | D:2      | 2401 ||| FLEEEEING.
  2402 | D:2      | 2402 ||| FLEEEEING.
  2403 | D:2      | 2403 ||| FLEEEEING.
  2404 | D:2      | 2404 ||| FLEEEEING.
  2405 | D:2      | 2405 ||| FLEEEEING.
  2407 | D:2      | 2407 ||| FLEEEEING.
  2408 | D:2      | 2408 ||| FLEEEEING.
  2409 | D:2      | 2409 ||| FLEEEEING.
  2410 | D:2      | 2410 ||| FLEEEEING.
  2411 | D:2      | 2411 ||| FLEEEEING.
  2412 | D:2      | 2412 ||| FLEEEEING.
  2413 | D:2      | 2413 ||| FLEEEEING.
  2414 | D:2      | 2414 ||| FLEEEEING.
  2415 | D:2      | 2415 ||| FLEEEEING.
  2416 | D:2      | 2416 ||| STAIRDANCE
  2498 | D:1      | 2498 ||| UPGRADING to +0 scale mail.
  2508 | D:1      | 2508 ||| DROPPING +0 leather armour.
  2509 | D:1      | 2509 ||| READING scroll labelled WEAVUEBUOH.
  2510 | D:1      | 2510 ||| READING scroll labelled YFACUS VOIRO.
  2611 | D:1      | 2611 ||| DRINKING 2 sapphire potions.
  2616 | D:2      | 2616 ||| STAIRDANCE
  2984 | D:3      | 2984 ||| Stepping ~*~*~tactically~*~*~ (stealth).
  2989 | D:3      | 2989 ||| Stepping ~*~*~tactically~*~*~ (stealth).
  3033 | D:3      | 3033 ||| Stepping ~*~*~tactically~*~*~ (stealth).
  3058 | D:3      | Noticed Robin
  3060 | D:3      | 3060 ||| STAIRDANCE
  3091 | D:2      | 3091 ||| UPGRADING to amulet of the acrobat.
  3098 | D:3      | 3098 ||| STAIRDANCE
  3104 | D:2      | Reached skill level 5 in Axes
  3108 | D:3      | 3108 ||| STAIRDANCE
  3110 | D:2      | HP: 5/26 [hobgoblin[Robin] (5)]
  3111 | D:2      | Slain by Robin

Levels and vault maps discovered:
D:1:      ldierk_walled_garden, layout_basic, chequers_ecumenical_altar_simple,
          hangedman_decor_clover_reticule
D:2:      layout_loops_corners, basic_altar, serial_bayou_lagoon_b
D:3:      layout_rooms, uniq_robin, uniq_crazy_yiuf_cottage

Skill      XL: |  1  2  3  4 |
---------------+-------------+-----
Axes           | 3 4 5 |  5.0
Fighting       | |  2.0
Throwing       | |  1.0
Armour         | |  1.1
Dodging        | |  2.1
Spellcasting   | |  2.0
Translocations | |  2.4

Action                   |  1- 3 |  4- 6 || total
-------------------------+-------+-------++-------
Melee: Hand axe          |    81 |    30 ||   111
       Kick              |    19 |     2 ||    21
       Peck              |    14 |     4 ||    18
       Punch             |     1 |       ||     1
Throw: Boomerang         |     7 |       ||     7
  Use: Scroll            |     3 |     2 ||     5
       Potion            |       |     1 ||     1
Armor: Leather armour    |    11 |       ||    11
       Scale mail        |       |    17 ||    17
Dodge: Dodged            |    48 |    17 ||    65

Table legend:
 A = Non-vault XP
 B = Vault XP
 C = Vault XP percentage of total XP
 D = Non-vault monster count
 E = Vault monster count
 F = Vault count percentage of total count
                 A         B        C        D         E       F
            +---------+---------+-------+---------+---------+-------
      Total |     104 |      12 |  10.3 |      43 |       6 |  12.2
            +---------+---------+-------+---------+---------+-------
        D:1 |      39 |       0 |   0.0 |      21 |       0 |   0.0
        D:2 |      58 |      12 |  17.1 |      18 |       6 |  25.0
        D:3 |       7 |       0 |   0.0 |       4 |       0 |   0.0
            +---------+---------+-------+---------+---------+-------
